 Dungeon Crawl Stone Soup version 0.18.1-48-g4cf74bf (webtiles) character file.

58 Guncem the Chopper (level 4, -1/41 HPs)
             Began as a Hill Orc Berserker on July 20, 2016.
             Was a Believer of Trog.
             Slain by a goblin
             ... wielding a +0 dagger
              (2 damage)
             ... on level 2 of the Dungeon.
             The game lasted 00:18:29 (1948 turns).

Guncem the Chopper (Hill Orc Berserker)             Turns: 1948, Time: 00:18:30

Health: -1/41      AC:  3    Str: 20    XL:     4   Next: 1%
Magic:  4/4        EV: 11    Int:  7    God:    Trog [**....]
Gold:   86         SH:  0    Dex: 10    Spells: 0 memorised, 3 levels left

rFire  . . .     SeeInvis .     a - +0 hand axe
rCold  . . .     Gourm    .     c - +0 ring mail
rNeg   . . .     Faith    .     (no shield)
rPois  .         Spirit   .     (no helmet)
rElec  .         Dismiss  .     (no cloak)
rCorr  .         Reflect  .     (no gloves)
SustAt .         Harm     .     (no boots)
MR     +....                    (no amulet)
Stlth  ..........               g - -2 ring of protection (curse)
                                e - ring of protection from magic

@: somewhat resistant to hostile enchantments, extremely unstealthy
A: no striking features
a: Berserk, Trog's Hand, Burn Spellbooks, Renounce Religion


You were on level 2 of the Dungeon.
You worshipped Trog.
Trog was pleased with you.
You were not hungry.

You visited 1 branch of the dungeon, and saw 2 of its levels.

You collected 86 gold pieces.

Inventory:

Hand Weapons
 a - a +0 hand axe (weapon)
 k - a +0 dagger
 o - a +0 short sword
Missiles
 l - 3 tomahawks (quivered)
 n - 37 stones
Armour
 b - a +0 animal skin
 c - a +0 ring mail (worn)
 m - a +0 chain mail
Jewellery
 e - a ring of protection from magic (left hand)
 g - a cursed -2 ring of protection (right hand)
Scrolls
 d - 2 scrolls of remove curse {unknown}
 f - a scroll of blinking {unknown}
 i - a scroll of random uselessness {unknown}
 j - a scroll of identify {unknown}


   Skills:
 + Level 4.6 Fighting
 + Level 4.7 Axes
 + Level 2.5 Armour
 + Level 2.0 Dodging


You had 3 spell levels left.
You didn't know any spells.

Dungeon Overview and Level Annotations

Branches:
Dungeon (2/15)

Altars:

Annotations:
D:2 y, Ijyb


Message History

You barely miss Ijyb.
Ijyb is severely wounded.
You hit the goblin but do no damage. Ijyb barely misses you.
The goblin misses you.
You barely miss Ijyb.
Ijyb is severely wounded.
You closely miss the goblin. Ijyb screams, "Me stronger than you!"
Ijyb hits you.
* * * LOW HITPOINT WARNING * * *
The goblin barely misses you. Ijyb barely misses you.
You hit Ijyb but do no damage.
Ijyb is severely wounded.
You slash the goblin!
You kill the goblin!
Trog accepts your kill.
You have reached level 4!
Ijyb hits you but does no damage.
You barely miss the goblin. The goblin hits you with a dagger.
You die...

......##....#...###......#.#.....
............#...####.#)..........
.........................#.#..###
#................#####.#........
............)###.##...........###
............)..)........>#.....
.............###g####...........
................g# ............
................@#.###.#.......
.................# #.#......#
.....#.######....# #.#.#....
.....#.# ....... #.#.#...#
#........ ..# ... #...#.#..
....... .. .#...#. ###


You could see Ijyb and a goblin.

Vanquished Creatures
  An adder (D:2)
  An ooze (D:2)
  3 dart slugs
  2 giant geckos (D:1)
  3 bats (D:1)
  7 goblins
  4 hobgoblins
  2 giant newts (D:1)
  5 kobolds (D:1)
  7 rats (D:1)
35 creatures vanquished.

Notes
Turn   | Place    | Note
--------------------------------------------------------------
     0 | D:1      | Guncem the Hill Orc Berserker began the quest for the Orb.
     0 | D:1      | Reached XP level 1. HP: 19/19 MP: 1/1
   367 | D:1      | Reached XP level 2. HP: 8/27 MP: 2/2
   889 | D:1      | Reached XP level 3. HP: 26/33 MP: 3/3
  1763 | D:2      | Reached ** piety under Trog
  1898 | D:2      | Noticed Ijyb
  1944 | D:2      | HP: 1/34 [Ijyb (3)]
  1945 | D:2      | Reached XP level 4. HP: 1/41 MP: 4/4
  1948 | D:2      | Slain by a goblin

Skill      XL: |  1  2  3 |
---------------+----------+-----
Fighting       | 4 |  4.6
Dodging        | 2 |  2.0
Axes           | |  4.7
Armour         | |  2.5

Action                   |  1- 3 |  4- 6 || total
-------------------------+-------+-------++-------
Melee: Hand axe          |   130 |     1 ||   131
Throw: Tomahawk          |     1 |       ||     1
Invok: Berserk           |     1 |       ||     1
  Use: Potion            |     2 |       ||     2
  Eat: Bread ration      |     1 |       ||     1
Armor: Animal skin       |    13 |       ||    13
       Chain mail        |    12 |       ||    12
       Ring mail         |     5 |     1 ||     6
Dodge: Dodged            |    79 |       ||    79
